 Dungeon Crawl Stone Soup version 0.26-a0-665-gefeb406119 (webtiles) character file.

Game seed: 3568336972091433888

2899 miscthings the Cleaver (level 9, 0/73 HPs)
             Began as a Palentonga Delver on Oct 16, 2020.
             Was a Believer of Makhleb.
             Killed from afar by a gargoyle (23 damage)
             ... with a stone arrow
             ... on level 7 of the Dungeon.
             The game lasted 00:13:22 (6866 turns).

miscthings the Cleaver (Palentonga Delver)          Turns: 6866, Time: 00:13:22

Health: 0/73       AC:  7    Str: 18    XL:     9   Next: 49%
Magic:  9/9        EV: 10    Int: 11    God:    Makhleb [**....]
Gold:   299        SH:  0    Dex: 12    Spells: 8/8 levels left

rFire    . . .     SeeInvis +   a - +1 hand axe
rCold    . . .     Faith    .   (no shield)
rNeg     . . .     Spirit   .   (no armour)
rPois    .         Reflect  .   (no helmet)
rElec    .         Harm     .   (no cloak)
rCorr    .         Rampage  .   (no gloves)
MR       .....                  (no barding)
Stlth    ++........             D - amulet of magic regeneration
HPRegen  0.22/turn              w - +4 ring of protection
MPRegen  0.36/turn              (no ring)

@: lightly drained
A: large, rugged brown scales 3, see invisible, deformed body, roll, armoured
tail
a: Rolling Charge, Minor Destruction, Renounce Religion


You were on level 7 of the Dungeon.
You worshipped Makhleb.
Makhleb was pleased with you.
You visited 2 branches of the dungeon, and saw 8 of its levels.

You collected 299 gold pieces.

Inventory:

Hand Weapons
 a - a +1 hand axe (weapon)
 r - a +0 war axe
 t - a +2 whip of holy wrath
Missiles
 y - 5 curare-tipped darts (quivered)
 C - 4 throwing nets
Armour
 b - a +1 leather armour
 o - a +0 chain mail
Jewellery
 w - a +4 ring of protection (left hand)
 D - an amulet of magic regeneration (around neck)
Wands
 g - a wand of digging (3)
 p - a wand of polymorph (4)
 B - a wand of disintegration (26)
 E - a wand of random effects (14)
Scrolls
 c - 3 scrolls of fog
 d - 6 scrolls of magic mapping
 e - 3 scrolls of remove curse
 f - a scroll of vulnerability {unknown}
 i - a scroll of immolation
 l - a scroll of blinking {unknown}
 m - a scroll of enchant armour
 q - a scroll of teleportation {unknown}
 s - a scroll of random uselessness {unknown}
 F - a scroll of noise {unknown}
 G - 2 scrolls of fear
Potions
 h - 4 potions of flight
 j - 2 potions of resistance
 k - a potion of heal wounds
 n - 2 potions of magic
 u - a potion of curing
 v - a potion of stabbing
 x - a potion of brilliance {unknown}
 z - 2 potions of might {unknown}
 A - 2 potions of haste
 H - a potion of lignification {unknown}


   Skills:
 - Level 3.0(2.7) Fighting
 + Level 12.9(12.6) Axes
 - Level 1.5(1.3) Dodging
 - Level 3.3(3.1) Stealth


You had 8 spell levels left.
You didn't know any spells.
Your spell library was empty.

Dungeon Overview and Level Annotations

Branches:
Dungeon (7/15)             Temple (1/1) D:5

Altars:
Ashenzari
Cheibriados
Fedhas
Gozag
Hepliaklqana
Makhleb
Ru
Sif Muna
Trog
Uskayaw
Vehumet
Wu Jian
Yredelemnul

Annotations:
D:2 1 runed translucent door, Crazy Yiuf


Innate Abilities, Weirdness & Mutations

You are completely covered in rugged brown scales. (AC +3, +7% HP)
You have supernaturally acute eyesight. (SInv)
Armour fits poorly on your strangely shaped body.
You can roll at foes to attack.
You have a long armoured tail.


Message History

Press: ? - help, Shift-Dir - straight line, f - gargoyle
Aim: a gargoyle, wielding a +0 morningstar (chance to defeat MR: 48%)
The gargoyle is blasted!
The gargoyle hurls a stone arrow at you.
The stone arrow hits you!!
Evoke which item? (* to show all) (? for menu, Esc to quit)
Aiming: Disintegrate
Press: ? - help, Shift-Dir - straight line, f/p - gargoyle
Aim: a gargoyle, wielding a +0 morningstar (heavily damaged, chance to defeat MR: 48%)
The gargoyle resists with some effort.
The gargoyle hurls a stone arrow at you.
The stone arrow hits you!!
Evoke which item? (* to show all) (? for menu, Esc to quit)
Aiming: Disintegrate
Press: ? - help, Shift-Dir - straight line, f/p - gargoyle
Aim: a gargoyle, wielding a +0 morningstar (heavily damaged, chance to defeat MR: 48%)
The gargoyle is blasted!
The gargoyle hurls a stone arrow at you.
The stone arrow hits you!!
You die...

#.......# #.#.#.#
#.. #...o...#
#.....# #.#
#....>..#
#########.### #
####.######
#.........# #.
#....9.#
#.##.##.### #.#
#..###.###.##.##[#
#.. ##.#
#..[9....##)# ###
#.###.###.#####.#
# #.....#
#..@...)# #
####### #########
...#### #.....
...#### ## #. ###
#. ...# #. .#.# #.


You could see a gargoyle.

Vanquished Creatures
  Harold (D:7)
  Sigmund (D:3)
  2 orc warriors (D:7)
  A sky beast (D:7)
  2 ice beasts
  2 phantoms
  4 ogres
  A centaur (D:6)
  A big kobold (D:7)
  A bullfrog (D:6)
  A scorpion (D:5)
  4 wights
  A howler monkey (D:7)
  A centaur zombie (D:7)
  A bullfrog zombie (D:5)
  5 orc wizards
  6 worker ants
  A hound zombie (D:5)
  8 adders
  3 gnolls (D:6)
  2 white imps
  4 ufetubi
  An ooze (D:2)
  5 dart slugs
  3 leopard geckos
  19 orcs
  3 ball pythons
  3 giant cockroaches
  10 goblins
  7 hobgoblins
  7 quokkas
  6 bats
  4 frilled lizards
  A jackal skeleton (D:4)
  12 kobolds
  9 rats
143 creatures vanquished.

Notes
Turn   | Place    | Note
-------+----------+-------------------------------------------
     0 | D:5      | miscthings the Palentonga Delver began the quest for the
                  | Orb.
     0 | D:5      | Reached XP level 1. HP: 20/20 MP: 1/1
    42 | D:5      | Found an ornate altar of the Wu Jian Council.
    43 | D:5      | Noticed a worker ant
    54 | D:5      | Killed a worker ant
    54 | D:5      | Reached skill level 3 in Axes
    54 | D:5      | Reached XP level 2. HP: 11/27 MP: 2/2
    56 | D:5      | Found a staircase to the Ecumenical Temple.
    65 | Temple   | Entered the Ecumenical Temple
   192 | Temple   | Became a worshipper of Makhleb the Destroyer
   372 | D:5      | Noticed a scorpion
   421 | D:3      | Reached XP level 3. HP: 26/33 MP: 3/3
   679 | D:3      | Reached skill level 4 in Axes
  1342 | D:2      | Found a runed translucent door.
  1343 | D:2      | Noticed Crazy Yiuf
  1426 | D:1      | Reached XP level 4. HP: 37/40 MP: 4/4
  1451 | D:1      | Reached * piety under Makhleb
  2436 | D:2      | Reached skill level 5 in Axes
  2881 | D:3      | Noticed Sigmund
  2892 | D:3      | Killed Sigmund
  2892 | D:3      | Reached skill level 6 in Axes
  2892 | D:3      | Reached XP level 5. HP: 41/48 MP: 5/5
  2892 | D:3      | Reached XP level 6. HP: 46/54 MP: 6/6
  3231 | D:4      | Reached skill level 7 in Axes
  3450 | D:4      | Noticed an ice beast
  3465 | D:4      | Killed an ice beast
  3465 | D:4      | Reached XP level 7. HP: 40/60 MP: 7/7
  3558 | D:4      | Reached ** piety under Makhleb
  3558 | D:4      | Reached skill level 8 in Axes
  4376 | D:5      | Found a hide-covered altar of Uskayaw.
  4376 | D:5      | Noticed a +0 dagger
  4376 | D:5      | Noticed a +0 dagger
  4561 | D:5      | Found a hazy altar of Hepliaklqana.
  4754 | D:5      | Reached skill level 9 in Axes
  4814 | D:5      | Found a basalt altar of Yredelemnul.
  5225 | D:6      | Reached XP level 8. HP: 26/67 MP: 8/8
  5577 | D:6      | Reached skill level 10 in Axes
  6216 | D:7      | Noticed Harold
  6237 | D:7      | Reached skill level 11 in Axes
  6259 | D:7      | Killed Harold
  6259 | D:7      | Reached skill level 12 in Axes
  6259 | D:7      | Reached XP level 9. HP: 13/73 MP: 9/9
  6259 | D:7      | Noticed a gargoyle
  6866 | D:7      | Killed from afar by a gargoyle

Illustrated notes

Levels and vault maps discovered:
D:1:      psy_arrival_fountain, layout_rooms
D:2:      layout_basic, uniq_crazy_yiuf_cottage
D:3:      layout_basic, uniq_sigmund
D:4:      minmay_chambers_of_twos, layout_basic
D:5:      layout_cave_pools, nicolae_overflow_hidden_temple,
          dancing_weapons_uskayaw, nicolae_overflow_crystal_walls,
          lemuel_doored_altar, minmay_temple_entry_waves,
          minmay_stone_trees_medium
D:6:      layout_loops_ring, grunt_ministairs_5
D:7:      layout_loops_cross, old_standard_altar,
          nicolae_dithmenos_the_darkroom, uniq_harold
Temple:   nicolae_temple_figure_zero

Skill      XL: |  1  2  3  4  5  6  7  8 |
---------------+-------------------------+-----
Axes           | 3 4 6 7 9 12 | 12.9
Fighting       | |  3.0
Dodging        | |  1.5
Stealth        | |  3.3

Action                   |  1- 3 |  4- 6 |  7- 9 || total
-------------------------+-------+-------+-------++-------
Melee: Hand axe          |    76 |   160 |   271 ||   507
       Tailslap          |     5 |    12 |    35 ||    52
       Whip              |       |       |     5 ||     5
Throw: Dart              |       |       |    13 ||    13
 Abil: Rolling Charge    |    14 |    29 |    23 ||    66
Evoke: Wand              |       |       |    18 ||    18
  Use: Potion            |     1 |       |     2 ||     3
       Scroll            |     1 |     6 |     6 ||    13
Armor: Leather armour    |    23 |    10 |       ||    33
       Chain mail        |       |    46 |    25 ||    71
       Skin              |       |       |    49 ||    49
Dodge: Dodged            |    38 |    50 |    86 ||   174

Table legend: (Time is in decaauts)
 A = Elapsed time spent in this place.
 B = Non-inter-level travel time spent in this place.
 C = Inter-level travel time spent in this place.
 D = Time resting spent in this place.
 E = Time spent auto-exploring this place.
 F = Levels seen in this place.
 G = Mean time per level.
                   A        B        C        D        E       F      G
               +--------+--------+--------+--------+--------+-----+--------+
         Total |   6810 |   6558 |    252 |   2097 |   3306 |   8 |  851.2 |
       Dungeon |   6550 |   6326 |    224 |   1965 |   3211 |   7 |  935.7 |
        Temple |    259 |    231 |     28 |    132 |     95 |   1 |  259.0 |
               +--------+--------+--------+--------+--------+-----+--------+

Top non-repeatable levels by time:
     D:4: 1381 daAuts
     D:6: 1238 daAuts
     D:3: 1183 daAuts
     D:2: 900 daAuts
     D:5: 634 daAuts
     D:1: 633 daAuts
     D:7: 579 daAuts
  Temple: 259 daAuts
